 Dungeon Crawl Stone Soup version 0.24.0-123-gd5b16e6ec5 (webtiles) character file.

Game seed: 3473691971838519147, levelgen mode: deterministic

110 vurker the Gusty (level 4, -6/25 HPs)
             Began as a Tengu Air Elementalist on Dec 30, 2019.
             Shot with an arrow by a centaur (9 damage)
             ... on level 2 of the Dungeon.
             The game lasted 00:02:41 (2035 turns).

vurker the Gusty (Tengu Air Elementalist)           Turns: 2035, Time: 00:02:42

Health: -6/25      AC:  5    Str:  8    XL:     4   Next: 91%
Magic:  5/9        EV: 12    Int: 16    God:
Gold:   117        SH:  0    Dex: 15    Spells: 8/9 levels left

rFire    . . .     SeeInvis .   d - +0 dagger
rCold    . . .     Gourm    .   (no shield)
rNeg     . . .     Faith    .   f - +2 leather armour {rPois}
rPois    +         Spirit   .   (helmet restricted)
rElec    .         Reflect  .   (no cloak)
rCorr    .         Harm     .   (no gloves)
MR       .....                  (boots unavailable)
Stlth    ++........             (no amulet)
HPRegen  0.08/turn              (no ring)
MPRegen  0.11/turn              (no ring)

@: no status effects
A: beak, talons 3
a: no special abilities


You were on level 2 of the Dungeon.
You were not hungry.

You visited 1 branch of the dungeon, and saw 2 of its levels.

You collected 117 gold pieces.

Inventory:

Hand Weapons
 d - a +0 dagger (weapon)
   (You took it off a goblin on level 1 of the Dungeon)
Armour
 f - a +2 leather armour of poison resistance (worn)
   (You found it on level 1 of the Dungeon)
Jewellery
 h - an uncursed amulet of guardian spirit {unknown}
   (You found it on level 1 of the Dungeon)
 i - an uncursed amulet of faith {unknown}
   (You found it on level 1 of the Dungeon)
Scrolls
 b - a scroll of magic mapping {unknown}
 g - 2 scrolls of identify {unknown}
 k - a scroll of blinking {unknown}
 l - a scroll of enchant armour {unknown}
Potions
 a - 2 potions of curing {unknown}
 j - a potion of degeneration {unknown}
Comestibles
 c - 3 chunks of flesh
 e - 4 rations


   Skills:
 + Level 1.3 Fighting
 - Level 2.1 Dodging
 - Level 2.0 Stealth
 * Level 3.0 Spellcasting
 * Level 3.3 Conjurations
 * Level 5.0 Air Magic


You had 8 spell levels left.
You knew the following spells:

 Your Spells              Type           Power        Failure   Level  Hunger
a - Shock                 Conj/Air       ###.         4%          1    #......

Your spell library contained the following spells:

 Spells                   Type           Power        Failure   Level  Hunger
 Swiftness                Chrm/Air       ##......     14%         2    ##.....
 Static Discharge         Conj/Air       ###.....     14%         3    ###....
 Airstrike                Air            ###.......   34%         4    #####..
 Lightning Bolt           Conj/Air       ###.......   80%         5    ######.


Dungeon Overview and Level Annotations

Branches:
Dungeon (2/15)

Altars:


Innate Abilities, Weirdness & Mutations

You have a beak for a mouth.
You have claws for feet.


Message History

Things that are here:
a +0 short sword; a kobold skeleton A bat comes into view.
Aim: a bat (resting)
The zap hits the bat.
Aim: a bat (moderately wounded)
The zap misses the bat.
Aim: a bat (moderately wounded)
The zap misses the bat.
The bat misses you.
Aim: a bat (moderately wounded)
The zap hits the bat.
You kill the bat!
You can't see any susceptible monsters within range! (Use Z to cast anyway.) Some of the chunks of flesh in your inventory have rotted away.
You butcher the bat corpse.
c - 2 chunks of flesh (gained 1)
You see here a bat skeleton. x2
A bat comes into view.
The zap hits the bat.
You kill the bat!
You can't see any susceptible monsters within range! (Use Z to cast anyway.)
You can't see any susceptible monsters within range! (Use Z to cast anyway.)
You butcher the bat corpse.
c - 3 chunks of flesh (gained 1)
You see here a bat skeleton. x2
Found 9 gold pieces.
You now have 117 gold pieces (gained 9).
Found a mace.
You see here a mace.
A centaur comes into view.
The centaur shouts!
The centaur wields a +0 shortbow.
The centaur shoots an arrow.
The arrow hits you.
You see here an arrow.
A centaur is nearby!
Aim: a centaur, wielding a +0 shortbow The zap hits the centaur.
The centaur shoots an arrow.
The arrow hits you!
The centaur shoots an arrow.
The arrow hits you!
* * * LOW HITPOINT WARNING * * *
Aim: a centaur, wielding a +0 shortbow (lightly wounded)
The zap hits the centaur.
The centaur shoots an arrow.
The arrow closely misses you.
A quokka comes into view.
Aim: a centaur, wielding a +0 shortbow (moderately wounded)
The zap hits the centaur but does no damage.
The centaur shoots an arrow.
The arrow barely misses you.
Aim: a centaur, wielding a +0 shortbow (moderately wounded)
The zap hits the centaur.
The zap misses the quokka.
The centaur shoots an arrow.
The arrow hits you!
You die...

###...### #. .... #.#
###...###. .... #.#
#....... ..... #.#
##....... ..... #.##
#........ ..c......#
#........
..r...#..#######........
...............รท........
#@#...####........ #.#
#..........>.. #)#
#####......... #.#
###.......... #.#
##...#........ #.#
#..###........ #.###.##
##..>.... #.#...# #.....#
#...### ##..#


You could see a centaur and a quokka.

Vanquished Creatures
  A bullfrog zombie (D:2)
  2 adders
  A gnoll (D:1)
  An ooze (D:1)
  3 dart slugs (D:1)
  12 bats
  2 giant cockroaches (D:1)
  4 goblins
  4 hobgoblins (D:1)
  5 frilled lizards
  7 kobolds
  6 rats
48 creatures vanquished.

Notes
Turn   | Place    | Note
-------+----------+-------------------------------------------
     0 | D:1      | vurker the Tengu Air Elementalist began the quest for the
                  | Orb.
     0 | D:1      | Reached XP level 1. HP: 10/10 MP: 4/4
   244 | D:1      | Reached XP level 2. HP: 16/16 MP: 4/6
   692 | D:1      | Reached XP level 3. HP: 20/20 MP: 5/7
  1313 | D:2      | Reached skill level 1 in Fighting
  1327 | D:1      | Reached XP level 4. HP: 12/25 MP: 4/9
  1663 | D:2      | Reached skill level 5 in Air Magic
  2031 | D:2      | Noticed a centaur
  2035 | D:2      | Shot with an arrow by a centaur

Levels and vault maps discovered:
D:1:      nzn_arrival_settlement, layout_loops_ring,
          chequers_serial_rivers_small_b, minmay_misc_feat_nine_boxes,
          minmay_misc_feat_columns
D:2:      layout_rooms, first_ration, serial_bayou_crossing, uniq_sigmund

Skill      XL: |  1  2  3  4 |
---------------+-------------+-----
Conjurations   | 2 3 |  3.3
Fighting       | 1 |  1.3
Air Magic      | 5 |  5.0
Spellcasting   | 3 |  3.0
Dodging        | |  2.1
Stealth        | |  2.0

Action                   |  1- 3 |  4- 6 || total
-------------------------+-------+-------++-------
Melee: Dagger            |    11 |       ||    11
       Kick              |     4 |       ||     4
       Peck              |     2 |       ||     2
 Cast: Shock             |    52 |    41 ||    93
  Eat: Chunk             |     1 |     3 ||     4
Armor: Robe              |     2 |       ||     2
       Leather armour    |     2 |     2 ||     4
Dodge: Dodged            |    10 |    10 ||    20
